 Dungeon Crawl Stone Soup version 0.25-a0-448-g1f46b9f714 (webtiles) character file.

Game seed: 10781007876768894923, levelgen mode: deterministic

34402 Esekla the Archer (level 13, -5/59 HPs)
             Began as a Spriggan Abyssal Knight on Jan 31, 2020.
             Was the Champion of Lugonu.
             Slain by a white ugly thing (17 damage)
             ... on level 14 of the Dungeon.
             The game lasted 02:23:52 (19717 turns).

Esekla the Archer (Spriggan Abyssal Knight)        Turns: 19717, Time: 02:23:52

Health: -5/59      AC:  9    Str:  9    XL:     13   Next: 42%
Magic:  27/27      EV: 26    Int: 15    God:    Lugonu [******]
Gold:   397        SH:  0    Dex: 18    Spells: 15/30 levels left

rFire    . . .     SeeInvis +   S - +3 scimitar (flame)
rCold    . . .     Gourm    .   (shield restricted)
rNeg     . . .     Faith    .   w - +3 steam dragon scales
rPois    +         Spirit   .   (helmet restricted)
rElec    .         Reflect  .   Z - +0 cloak (curse)
rCorr    .         Harm     .   (gloves unavailable)
MR       +++..                  (boots unavailable)
Stlth    ++++......             r - amulet of the acrobat
HPRegen  0.19/turn              E - ring of protection from magic
MPRegen  0.20/turn              T - ring of poison resistance

@: very quick
A: very small, unfitting armour, see invisible, herbivore, speed 3, slow
metabolism 2
a: Depart the Abyss, Bend Space, Banish, Corrupt, Enter the Abyss, Renounce
Religion


You were on level 14 of the Dungeon.
You worshipped Lugonu.
Lugonu was exalted by your worship.
You were not hungry.

You visited 1 branch of the dungeon, and saw 15 of its levels.
You visited the Abyss 1 time.

You collected 997 gold pieces.
You spent 600 gold pieces at shops.

Inventory:

Hand Weapons
 a - a +1 short sword
 b - the +11 shortbow of Defence by Offence {freeze, -Tele Str+4 Int+3}
   (You found it on level 7 of the Dungeon)

   It causes projectiles fired from it to freeze those they strike, causing
   extra injury to most foes and up to half again as much damage against
   particularly susceptible opponents.
   They can also slow down cold-blooded creatures.
   It affects your strength (+4).
   It affects your intelligence (+3).
   It prevents most forms of teleportation.
 d - a +8 dagger of distortion
 f - the +6 rapier of Lesio {flame, MR- Str+5}
   (You found it on level 4 of the Dungeon)

   It has been specially enchanted to burn those struck by it, causing extra
   injury to most foes and up to half again as much damage against particularly
   susceptible opponents.
   It affects your strength (+5).
   It affects your resistance to hostile enchantments.
 h - a +1 dagger of holy wrath
 s - a +3 dagger of speed
 S - a +3 scimitar of flaming (weapon)
 X - a +1 long sword of electrocution
 Y - a +2 vorpal long sword
Missiles
 n - 23 boomerangs (quivered)
 z - 40 arrows
 B - 3 boomerangs of dispersal
 N - 25 poisoned darts
Armour
 p - a +2 robe of cold resistance
 w - +3 steam dragon scales (worn)
 Z - a cursed +0 cloak (worn)
Jewellery
 j - an uncursed ring of teleportation
 k - an uncursed ring of protection from magic
 r - an amulet of the acrobat (around neck)
 E - a ring of protection from magic (left hand)
 J - an uncursed ring of ice
 K - an uncursed amulet of magic regeneration {unknown}
 T - a ring of poison resistance (right hand)
 U - an uncursed amulet of guardian spirit
Wands
 g - a wand of digging (4)
 t - a wand of disintegration (15)
 v - a wand of iceblast (7)
 H - a wand of random effects (33)
 I - a wand of polymorph (19)
 L - a wand of flame (34)
 P - a wand of clouds (6)
 R - a wand of paralysis (8)
 V - a wand of acid (8)
Scrolls
 e - 2 scrolls of immolation
 m - 3 scrolls of teleportation
 u - 2 scrolls of enchant armour
 x - a scroll of fog
 y - 2 scrolls of fear
 A - 2 scrolls of noise
 C - a scroll of random uselessness {unknown}
 F - 5 scrolls of amnesia {unknown}
 G - a scroll of blinking {unknown}
 M - 4 scrolls of magic mapping {unknown}
 O - a scroll of remove curse
 Q - a scroll of vulnerability {unknown}
Potions
 i - 5 potions of brilliance
 l - 4 potions of lignification
 o - 4 potions of heal wounds
 q - 3 potions of haste
 D - a potion of flight {unknown}
 W - 2 potions of curing
Comestibles
 c - 20 rations


   Skills:
 - Level 2.4 Fighting
 * Level 11.8 Short Blades
 + Level 14.6 Bows
 - Level 2.5 Throwing
 + Level 9.9 Dodging
 + Level 9.4 Stealth
 * Level 9.1 Spellcasting
 * Level 3.6 Conjurations
 + Level 6.1 Translocations
 * Level 3.7 Fire Magic
 * Level 4.6 Air Magic
 * Level 4.7 Poison Magic
 + Level 2.4 Invocations
 + Level 0.3 Evocations


You had 15 spell levels left.
You knew the following spells:

 Your Spells              Type           Power        Failure   Level  Hunger
a - Apportation           Tloc           ####..       1%          1    None
b - Blink                 Tloc           N/A          1%          2    None
c - Mephitic Cloud        Conj/Pois/Air  ###.....     5%          3    #......
f - Conjure Flame         Conj/Fire      ###.....     7%          3    #......
v - Poisonous Vapours     Pois/Air       ###...       2%          2    None
x - Olgreb's Toxic Radia  Pois           ###.....     16%         4    ###....

Your spell library contained the following spells:

 Spells                   Type           Power        Failure   Level  Hunger
 Magic Dart               Conj           ###.         2%          1    None
 Sting                    Tmut/Pois      ##..         4%          1    None
 Ignite Poison            Fire/Tmut/Pois ###.....     10%         3    #......
 Animate Skeleton         Necr           N/A          11%         1    None
 Corona                   Hex            #......      11%         1    None
 Summon Small Mammal      Summ           #...         11%         1    None
 Call Imp                 Summ           #.......     16%         2    None
 Slow                     Hex            #.......     16%         2    None


Dungeon Overview and Level Annotations

Branches:
Dungeon (15/15)            Temple (0/1) D:7            Lair (0/6) D:10
    Orc (0/2) D:9          Vaults (0/5) D:13         Depths (0/5) D:15

Altars:
Ashenzari
Cheibriados
Dithmenos
Fedhas
Gozag
Kikubaaqudgha
Qazlal
Sif Muna
Trog
Uskayaw
Xom
Yredelemnul
Zin
Beogh

Shops:
D:12 :   D:15 =

Portals:
Trove: D:13 (give horn of Geryon)

Annotations:
D:8 3 runed translucent doors, Killmatronix's ghost, novice OpHu


Innate Abilities, Weirdness & Mutations

You are very small and have problems with some larger weapons.
You are too small for most types of armour.
You have supernaturally acute eyesight. (SInv)
You are a herbivore.
You cover ground extremely quickly.
You need to consume almost no food.


Message History

You climb upwards.
There is a stone staircase leading down here.
You hit the white ugly thing. You burn the white ugly thing.
The white ugly thing is severely wounded.
The white ugly thing barely misses you.
You riposte.
You barely miss the white ugly thing.
The white ugly thing is severely wounded.
You barely miss the white ugly thing.
The white ugly thing is severely wounded.
The white ugly thing punches you! The white ugly thing freezes you!
The white ugly thing punches you but does no damage.
You slash the white ugly thing! You burn the white ugly thing.
The white ugly thing is almost dead.
The white ugly thing completely misses you.
You barely miss the white ugly thing.
The white ugly thing is almost dead.
The white ugly thing punches you!
* * * LOW HITPOINT WARNING * * *
The white ugly thing freezes you!
You die...

######+######
#.......<...#
#...........#
#...........#
+...........#
#........@..#
#.......u...#
#....!......#
#...........#
#...........#
#...........#
#...........#
#...........#
#############


You could see a white ugly thing.

Vanquished Creatures
  4 vault guards (D:13)
  2 centaur warriors
  A catoblepas (D:13)
  2 two-headed ogres
  Urug (D:10)
  A glowing orange brain (D:15)
  An unseen horror (D:11)
  A harpy (shapeshifter) (D:15)
  Pikel (D:9)
  An orc sorcerer (D:15)
  An orc knight (D:15)
  A deep elf mage (D:15)
  4 ugly things
  2 cyclopes (D:15)
  3 manticores
  Joseph (D:7)
  Maggie (D:7)
  2 centaur skeletons
  A spiny frog (shapeshifter) (D:15)
  A komodo dragon (D:12)
  An efreet (D:13)
  2 demonic crawlers
  A polar bear (shapeshifter) (D:15)
  2 guardian mummies (D:13)
  A troll (D:11)
  2 hornets
  Grinder (D:4)
  A meliai zombie (D:12)
  A hippogriff (D:13)
  14 slime creatures
  Sigmund (D:4)
  2 shadows (D:12)
  A spriggan (D:7)
  A wraith (D:13)
  Eustachio (D:4)
  19 yaks
  7 humans (D:13)
  6 vampire mosquitoes (D:15)
  A hungry ghost (D:14)
  A basilisk (shapeshifter) (D:15)
  Edmund (D:4)
  4 wargs
  A water moccasin (D:9)
  5 phantoms
  6 sky beasts
  A slave (D:9)
  Purgy (D:3)
  3 ice beasts
  15 orc warriors
  A black bear (D:7)
  9 ogres
  2 centaurs (D:10)
  A necrophage (D:10)
  3 big kobolds
  10 bullfrogs
  A wyvern zombie (D:11)
  Blork the orc (D:4)
  5 scorpions
  2 water moccasin skeletons
  3 wights (D:7)
  An electric eel (D:9)
  4 bullfrog zombies
  2 centaur zombies
  4 crimson imps
  A quasit (D:11)
  3 hounds
  3 jellies
  A bullfrog skeleton (D:9)
  17 orc priests
  22 orc wizards
  Ijyb (D:5)
  7 iguanas
  7 worker ants
  2 hound zombies
  A hound skeleton (D:6)
  A worker ant zombie (D:11)
  3 gnolls (D:8)
  A howler monkey skeleton (D:10)
  8 adders
  5 shadow imps
  An ooze (D:1)
  2 adder zombies (D:7)
  2 worms (D:2)
  2 dart slugs (D:1)
  3 leopard geckos
  73 orcs
  5 ball pythons
  5 giant cockroaches
  11 goblins
  8 hobgoblins
  3 jackals (D:1)
  9 quokkas
  10 bats
  5 frilled lizards
  15 kobolds
  A leopard gecko skeleton (D:5)
  A quokka skeleton (D:3)
  A quokka zombie (D:8)
  9 rats
433 creatures vanquished.

Vanquished Creatures (others)
  An adder skeleton (D:9)
1 creature vanquished.

Grand Total: 434 creatures vanquished

Notes
Turn   | Place    | Note
-------+----------+-------------------------------------------
     0 | Abyss:1  | Esekla the Spriggan Abyssal Knight began the quest for the
                  | Orb.
     0 | Abyss:1  | Reached XP level 1. HP: 11/11 MP: 3/3
    41 | Abyss:1  | Noticed an ice devil
    85 | Abyss:1  | Noticed a green death
   106 | Abyss:1  | Noticed a large abomination
   106 | Abyss:1  | Noticed a large abomination
   106 | Abyss:1  | Noticed a death knight
   107 | Abyss:1  | Noticed a starcursed mass
   119 | D:1      | Escaped the Abyss
   488 | D:1      | Reached * piety under Lugonu
   492 | D:1      | Reached XP level 2. HP: 16/16 MP: 4/4
   501 | D:1      | Reached skill level 1 in Spellcasting
   900 | D:1      | Reached XP level 3. HP: 19/19 MP: 6/6
  1251 | D:2      | Found an opulent altar of Gozag.
  1435 | D:2      | Reached ** piety under Lugonu
  1524 | D:2      | Learned a level 1 spell: Apportation
  1754 | D:2      | Reached XP level 4. HP: 11/23 MP: 7/7
  2044 | D:3      | Noticed a phantom
  2396 | D:3      | Found a shimmering blue altar of Sif Muna.
  3943 | D:2      | HP: 1/23 [phantom (7)]
  4279 | D:3      | Reached skill level 5 in Dodging
  4279 | D:3      | Reached skill level 1 in Translocations
  4290 | D:3      | Noticed Purgy
  4463 | D:4      | Got a shimmering rapier
  4495 | D:4      | Noticed Eustachio
  4502 | D:3      | Identified the +6 rapier of Lesio {flame, MR- Str+5} (You
                  | found it on level 4 of the Dungeon)
  4590 | D:4      | Noticed a phantom
  5014 | D:2      | Killed a phantom
  5014 | D:2      | Reached skill level 1 in Stealth
  5014 | D:2      | Reached XP level 5. HP: 9/27 MP: 9/9
  5363 | D:3      | Killed Purgy
  5363 | D:3      | Reached XP level 6. HP: 20/32 MP: 9/11
  5524 | D:4      | Reached skill level 5 in Short Blades
  5556 | D:4      | Noticed Grinder
  5564 | D:4      | Found a shattered altar of Ashenzari.
  5584 | D:4      | Got a slimy war axe
  5614 | D:4      | Noticed Sigmund
  5926 | D:4      | Upgraded the game from 0.25-a0-443-gece2dee8bd to
                  | 0.25-a0-448-g1f46b9f714
  6285 | D:5      | Entered Level 5 of the Dungeon
  6302 | D:5      | Reached XP level 7. HP: 35/35 MP: 12/12
  6336 | D:5      | Found a basalt altar of Yredelemnul.
  6368 | D:5      | Reached *** piety under Lugonu
  6422 | D:5      | Noticed Ijyb
  6438 | D:5      | Killed Ijyb
  6514 | D:4      | Noticed Blork the orc
  6541 | D:4      | Killed Blork the orc
  6541 | D:4      | Reached skill level 1 in Throwing
  6929 | D:5      | You fall into a shaft and drop 2 floors!
  7036 | D:7      | Noticed a spriggan baker
  7043 | D:7      | Killed a spriggan baker
  7043 | D:7      | Reached XP level 8. HP: 31/39 MP: 14/14
  7128 | D:7      | Noticed Joseph
  7924 | D:6      | Reached skill level 5 in Translocations
  7973 | D:6      | Found a blossoming altar of Fedhas.
  8115 | D:7      | Found a staircase to the Ecumenical Temple.
  8138 | D:7      | Noticed Maggie
  8156 | D:7      | Killed Maggie
  8156 | D:7      | Reached XP level 9. HP: 30/43 MP: 17/17
  8389 | D:7      | Reached skill level 5 in Spellcasting
  8417 | D:7      | Identified the cursed +2 war axe of Conscience {vorpal,
                  | Str+3} (You found it on level 4 of the Dungeon)
  8576 | D:6      | Reached skill level 5 in Stealth
  8825 | D:7      | Got a warped shortbow
  8989 | D:5      | Reached **** piety under Lugonu
  9453 | D:6      | Identified the +11 shortbow of Defence by Offence {freeze,
                  | -Tele Str+4 Int+3} (You found it on level 7 of the Dungeon)
  9525 | D:6      | Reached skill level 10 in Short Blades
 10065 | D:5      | Found an ancient bone altar of Kikubaaqudgha.
 10170 | D:4      | Killed Grinder
 10170 | D:4      | Reached skill level 1 in Bows
 10327 | D:4      | Killed Sigmund
 10327 | D:4      | Reached skill level 2 in Bows
 10442 | D:4      | Found a stormy altar of Qazlal.
 10516 | D:4      | Killed Eustachio
 10736 | D:4      | Noticed Edmund
 10739 | D:4      | Killed Edmund
 10739 | D:4      | Reached XP level 10. HP: 47/47 MP: 20/20
 11068 | D:7      | Reached skill level 3 in Bows
 11348 | D:7      | Killed Joseph
 11348 | D:7      | Reached skill level 4 in Bows
 11480 | D:8      | Reached skill level 5 in Bows
 11742 | D:8      | Reached skill level 6 in Bows
 11782 | D:8      | Found a hide-covered altar of Uskayaw.
 11807 | D:8      | Found a runed translucent gate.
 11809 | D:8      | Found a runed translucent gate.
 11810 | D:8      | Found a runed translucent gate.
 11811 | D:8      | Noticed Killmatronix's ghost (novice OpHu)
 11812 | D:8      | Identified the cursed +1 chain mail of Zoosulu {*Drain
                  | rElec rF++}
 11826 | D:8      | Found a roughly hewn altar of Beogh.
 11890 | D:8      | Found a shadowy altar of Dithmenos.
 11981 | D:9      | Reached ***** piety under Lugonu
 12016 | D:9      | Noticed a two-headed ogre
 12035 | D:9      | Killed a two-headed ogre
 12035 | D:9      | Reached skill level 7 in Bows
 12121 | D:9      | Reached skill level 8 in Bows
 12325 | D:9      | Found a staircase to the Orcish Mines.
 12378 | D:9      | Noticed Pikel
 12383 | D:9      | Killed Pikel
 12383 | D:9      | Reached skill level 9 in Bows
 12481 | D:9      | Found a bloodstained altar of Trog.
 12559 | D:9      | Learned a level 3 spell: Conjure Flame
 12563 | D:9      | Learned a level 3 spell: Mephitic Cloud
 12567 | D:9      | Learned a level 2 spell: Blink
 12697 | D:9      | Found a glowing silver altar of Zin.
 12697 | D:9      | Found a shimmering altar of Xom.
 12701 | D:9      | Found a shimmering blue altar of Sif Muna.
 12701 | D:9      | Found a snail-covered altar of Cheibriados.
 12887 | D:10     | Entered Level 10 of the Dungeon
 12959 | D:10     | Reached XP level 11. HP: 51/51 MP: 22/22
 13119 | D:10     | Noticed Urug
 13125 | D:10     | Killed Urug
 13211 | D:10     | Reached skill level 10 in Bows
 13217 | D:10     | Reached skill level 1 in Poison Magic
 13224 | D:10     | Reached skill level 1 in Air Magic
 13349 | D:10     | Reached skill level 1 in Fire Magic
 13503 | D:10     | Reached skill level 1 in Conjurations
 13527 | D:10     | Found a staircase to the Lair.
 14487 | D:11     | Reached skill level 11 in Bows
 14744 | D:11     | Reached ****** piety under Lugonu
 15369 | D:11     | Noticed a red ugly thing
 15413 | D:11     | Killed a red ugly thing
 15495 | D:11     | Noticed an unseen horror
 15497 | D:11     | Killed an unseen horror
 15509 | D:11     | Noticed a white ugly thing
 15527 | D:11     | Killed a white ugly thing
 15527 | D:11     | Reached skill level 12 in Bows
 15937 | D:11     | Identified a +7 dagger of distortion (a +5 dagger corrupted
                  | by Lugonu)
 15937 | D:11     | Received a gift from Lugonu
 16108 | D:12     | Found Maogy's Book Boutique.
 16180 | D:12     | Reached XP level 12. HP: 56/56 MP: 16/24
 16209 | D:12     | Noticed a two-headed ogre
 16222 | D:12     | Killed a two-headed ogre
 16431 | D:13     | Found a portal to a secret trove of treasure.
 16682 | D:13     | Noticed a catoblepas
 16730 | D:13     | Killed a catoblepas
 16952 | D:13     | Noticed a centaur warrior
 16968 | D:13     | Killed a centaur warrior
 16992 | D:13     | Reached skill level 13 in Bows
 17188 | D:13     | Noticed a vault guard
 17207 | D:13     | Killed a vault guard
 17340 | D:12     | Noticed a catoblepas
 17350 | D:12     | Banished a catoblepas
 17609 | D:13     | Noticed a vault guard
 17640 | D:13     | Killed a vault guard
 17677 | D:13     | Identified the cursed +0 arbalest of Spores {elec, Str+4}
 17677 | D:13     | Noticed a vault guard
 17711 | D:13     | Killed a vault guard
 17802 | D:13     | Noticed a vault guard
 17811 | D:13     | Noticed a vault guard
 17845 | D:13     | Killed a vault guard
 17845 | D:13     | Reached skill level 14 in Bows
 17888 | D:13     | Found a gate to the Vaults.
 18112 | D:12     | Bought a Young Poisoner's Handbook for 600 gold pieces
 18115 | D:12     | Learned a level 2 spell: Poisonous Vapours
 18120 | D:12     | Learned a level 4 spell: Olgreb's Toxic Radiance
 18195 | D:15     | Entered Level 15 of the Dungeon
 18237 | D:15     | Noticed a centaur warrior
 18492 | D:15     | Killed a centaur warrior
 18492 | D:15     | Reached XP level 13. HP: 59/59 MP: 24/26
 18555 | D:15     | Found Wolod's Jewellery Shoppe.
 19621 | D:15     | Found a staircase to the Depths.
 19717 | D:14     | Slain by a white ugly thing

Levels and vault maps discovered:
D:1:      minmay_arrival_stone_box, layout_basic, grunt_decor_mini_mirrors
D:2:      layout_basic, nicolae_gozag_seed_capital, first_ration
D:3:      layout_loops_ring, lemuel_blue_sif_altar, uniq_purgy
D:4:      layout_loops_cross, nicolae_qazlal_style_of_elements,
          evilmike_ruin_ashenzari, sigmund_edmund_badplayer, uniq_blork_the_orc,
          uniq_grinder, uniq_eustachio
D:5:      layout_basic, yredelemnul_altar_generic,
          lemuel_coloured_pillars_altar, uniq_ijyb
D:6:      layout_basic, old_standard_altar
D:7:      layout_basic, minmay_temple_entry_grid, the_bakery, uniq_maggie,
          uniq_joseph
D:8:      layout_rooms, lemuel_crystal_altar, biasface_ghost_orc_armoury,
          basic_altar
D:9:      layout_basic, lemuel_round_altar, grunt_temple_overflow_cloverleaf,
          david_orc_3, uniq_pikel
D:10:     layout_layer_cave, erik_lair_orcish_takeover,
          hangedman_abyss_or_decor_jellyfish_corner, uniq_urug
D:11:     minmay_inner_zag, layout_layer_cave, special_room [special_room_orc]
D:12:     layout_small_grid, serial_shops, shop_statue, minmay_misc_feat_tiny
D:13:     layout_irregular_city, ximxim_vaults_locker_room,
          nicolae_trove_entry_path_of_doom
D:14:     layout_roguey, serial_shops, shop
D:15:     gammafunk_enter_depths_forms, layout_irregular_city,
          dk_noncrumbling_3, minmay_shop_enchanted_jewellery,
          einodemon_crawler_minivault

Skill      XL: |  1  2  3  4  5  6  7  8  9 10 11 12 13 |
---------------+----------------------------------------+-----
Dodging        | 4 5 6 7 8 9 |  9.9
Spellcasting   | 1 2 3 4 6 7 8 9 |  9.1
Short Blades   | 3 4 5 6 9 10 11 | 11.8
Translocations | 1 2 3 4 5 6 |  6.1
Stealth        | 1 2 3 4 6 7 8 9 |  9.4
Invocations    | 2 |  2.4
Throwing       | 1 2 |  2.5
Bows           | 2 9 12 14 | 14.6
Poison Magic   | 2 4 |  4.7
Air Magic      | 2 4 |  4.6
Fire Magic     | 1 3 |  3.7
Conjurations   | 2 3 |  3.6
Fighting       | |  2.4
Evocations     | |  0.3

Action                   |  1- 3 |  4- 6 |  7- 9 | 10-12 | 13-15 || total
-------------------------+-------+-------+-------+-------+-------++-------
Melee: Short sword       |   162 |   163 |       |       |       ||   325
       Rapier            |       |    56 |   251 |    53 |       ||   360
       Dagger            |       |       |    51 |   133 |    79 ||   263
       Scimitar          |       |       |       |       |     4 ||     4
 Fire: Shortbow          |       |       |    32 |   605 |   131 ||   768
Throw: Boomerang         |       |    13 |    29 |    13 |     4 ||    59
 Cast: Apportation       |       |     1 |     4 |       |       ||     5
       Mephitic Cloud    |       |       |       |    10 |     9 ||    19
       Conjure Flame     |       |       |       |     3 |     2 ||     5
       Poisonous Vapours |       |       |       |       |     1 ||     1
Invok: Depart the Abyss  |     1 |       |       |       |       ||     1
       Bend Space        |       |     3 |     2 |       |       ||     5
       Brand Weapon With |       |       |       |     1 |       ||     1
Evoke: Wand              |       |       |     2 |       |       ||     2
  Use: Scroll            |     2 |     3 |     5 |     5 |     2 ||    17
       Potion            |       |     3 |     1 |       |       ||     4
 Stab: Sleeping          |     3 |     3 |    17 |    14 |     1 ||    38
       Distracted        |       |     2 |     1 |     1 |     2 ||     6
       Confused          |       |       |       |     3 |     1 ||     4
  Eat: Ration            |       |     2 |     2 |     3 |     2 ||     9
Armor: Robe              |    13 |    10 |     7 |       |       ||    30
       Steam dragon scal |       |       |     4 |    15 |     7 ||    26
Dodge: Dodged            |   117 |   160 |   198 |   122 |    56 ||   653
       Rpst.: Scimitar   |       |       |       |       |     1 ||     1

Table legend:
 A = Non-vault XP
 B = Vault XP
 C = Vault XP percentage of total XP
 D = Non-vault monster count
 E = Vault monster count
 F = Vault count percentage of total count
                 A         B        C        D         E       F
            +---------+---------+-------+---------+---------+-------
      Total |   31763 |   17384 |  35.4 |     356 |      77 |  17.8
            +---------+---------+-------+---------+---------+-------
        D:1 |      51 |       0 |   0.0 |      25 |       0 |   0.0
        D:2 |     186 |       0 |   0.0 |      21 |       0 |   0.0
        D:3 |      99 |     130 |  56.8 |      29 |       1 |   3.3
        D:4 |     245 |     976 |  79.9 |      13 |       5 |  27.8
        D:5 |     506 |      39 |   7.2 |      27 |       1 |   3.6
        D:6 |     981 |       0 |   0.0 |      23 |       0 |   0.0
        D:7 |    1955 |    1080 |  35.6 |      34 |       3 |   8.1
        D:8 |    1121 |       0 |   0.0 |      25 |       0 |   0.0
        D:9 |    2289 |     953 |  29.4 |      28 |      10 |  26.3
       D:10 |    3486 |    1460 |  29.5 |      29 |      10 |  25.6
       D:11 |    3191 |    2265 |  41.5 |      33 |      21 |  38.9
       D:12 |    4231 |       0 |   0.0 |      16 |       0 |   0.0
       D:13 |    4948 |    5877 |  54.3 |      21 |      13 |  38.2
       D:14 |     276 |     358 |  56.5 |       2 |       1 |  33.3
       D:15 |    8198 |    4246 |  34.1 |      30 |      12 |  28.6
            +---------+---------+-------+---------+---------+-------
